 Dungeon Crawl Stone Soup version 0.22-a0-803-gd6d8abe (console) character file.

58 removed the Cutter (level 3, -9/26 HPs)
             Began as a Vampire Wanderer on July 22, 2018.
             Mangled by an orc priest
             ... wielding a +4 mace
              (12 damage)
             ... on level 2 of the Dungeon.
             The game lasted 00:05:34 (1458 turns).

removed the Cutter (Vampire Wanderer)               Turns: 1458, Time: 00:05:36

Health: -9/26      AC:  2    Str:  8 (11) XL:     3   Next: 75%
Magic:  6/6        EV: 11    Int: 22 (23) God:
Gold:   35         SH:  0    Dex:  8 (11) Spells: 6/6 levels left

rFire    + . .     SeeInvis +   a - +2 dagger
rCold    + . .     Gourm    .   (no shield)
rNeg     . . .     Faith    .   e - +0 robe
rPois    +         Spirit   .   (no helmet)
rElec    +         Reflect  .   (no cloak)
rCorr    +         Harm     .   (no gloves)
MR       .....                  (no boots)
Stlth    ++........             (no amulet)
HPRegen  0.28/turn              m - +6 ring of intelligence
MPRegen  0.10/turn              (no ring)

@: resistant, regenerating quickly
A: fangs 3, see invisible, wild magic 1, unbreathing, sturdy frame 1
a: no special abilities


You were on level 2 of the Dungeon.
You were very full.

You visited 1 branch of the dungeon, and saw 3 of its levels.

You collected 35 gold pieces.

Inventory:

Hand Weapons
 a - a +2 dagger (weapon)
Missiles
 n - 33 stones (quivered)
Armour
 e - a +0 robe (worn)
Jewellery
 m - a +6 ring of intelligence (left hand)
Scrolls
 o - a scroll of identify {unknown}
 q - a scroll of teleportation {unknown}
 r - 2 scrolls of enchant armour {unknown}
Potions
 f - 4 potions of blood
 l - a potion of curing {unknown}
 p - a potion of brilliance {unknown}


   Skills:
 - Level 1.0 Fighting
 + Level 3.8 Short Blades
   Level 1.7 Axes
 - Level 3.0 Stealth
 - Level 2.0 Spellcasting
   Level 1.5 Hexes
   Level 1.7 Poison Magic


You had 6 spell levels left.
You didn't know any spells.
Your spell library contained the following spells:

 Spells                   Type           Power        Failure   Level  Hunger
 Summon Small Mammal      Summ           #...         21%         1    #......
 Stone Arrow              Conj/Erth      #.....       47%         3    ###....
 Call Canine Familiar     Summ           #.......     47%         3    ###....
 Sandblast                Erth           #.....       21%         1    #......


Dungeon Overview and Level Annotations

Branches:
Dungeon (3/15)

Altars:

Annotations:
D:2 exclusion: 4 gnolls


Innate Abilities, Weirdness & Mutations

Your natural rate of healing is unusually fast.
You have razor-sharp teeth.
You have supernaturally acute eyesight. (SInv)
You can survive without breathing.
Your spells are a little harder to cast, but a little more powerful.
Your movements are slightly less encumbered by armour. (ER -2)


Message History

It was a potion of degeneration.
There was something very wrong with that liquid.
You feel weakened.
You feel dopey.
You feel clumsy.
The orc priest hits you with an enchanted mace!
The orc wizard casts a spell at you. The magic dart hits you!
* * * LOW HITPOINT WARNING * * *
The orc barely misses you.
It was a potion of resistance.
You feel protected. The orc priest closely misses you. The orc hits you.
* * * LOW HITPOINT WARNING * * *
The orc wizard gestures wildly while chanting.
The orc wizard seems to speed up.
Okay, then.
As you read the scroll labeled TIP MEGUFUUNIE, it crumbles to dust.
The scroll dissolves into smoke.
It was a scroll of fog.
The orc wizard barely misses you.
The orc priest hits you with an enchanted mace!
You die...

......#######
....#.#.....######
....#.#.....#....#####
....#.#.....#.##.....#
.%..#.#.....#.######.#
....#.#.....#....###.#
....#.#.....####.....#
###.#.##'#..####oo####
...............§@o#
###.####.......§§§#
#.........#######
######.#...# # #.....#
# #####.# #.# #.#
#.####


You could see an orc priest, an orc wizard and an orc.

Vanquished Creatures
  An adder (D:1)
  A gnoll (D:1)
  An ooze (D:1)
  A dart slug (D:2)
  A leopard gecko (D:1)
  3 bats (D:1)
  4 giant cockroaches
  3 goblins
  3 hobgoblins
  4 jackals (D:1)
  A frilled lizard (D:1)
  2 kobolds (D:1)
  4 rats
29 creatures vanquished.

Notes
Turn   | Place    | Note
-------+----------+-------------------------------------------
     0 | D:1      | removed the Vampire Wanderer began the quest for the Orb.
     0 | D:1      | removed set off with: a +2 dagger, a potion of berserk rage, a +0 robe, a potion of blood
     0 | D:1      | Reached XP level 1. HP: 15/15 MP: 3/3
    89 | D:1      | Reached skill level 1 in Short Blades
   185 | D:1      | Reached XP level 2. HP: 21/21 MP: 5/5
   362 | D:1      | Reached XP level 3. HP: 17/26 MP: 6/6
  1455 | D:2      | Gained mutation: Your spells are a little harder to cast, but a little more powerful. [potion of mutation]
  1455 | D:2      | Gained mutation: Your movements are slightly less encumbered by armour. (ER -2) [potion of mutation]
  1458 | D:2      | Mangled by an orc priest

Vault maps used:
D:1:      tarquinn_simple_flora_water_e
D:2:      first_ration
D:3:      minmay_diamond_boxcup, old_standard_altar, kennysheep_generic_room_7

Skill      XL: |  1  2 |
---------------+-------+-----
Short Blades   | 1 3 |  3.8
Fighting       | |  1.0
Axes           | |  1.7
Stealth        | |  3.0
Spellcasting   | |  2.0
Hexes          | |  1.5
Poison Magic   | |  1.7

Action                   || total
-------------------------++-------
Melee: Dagger            ||   130
       Bite              ||     7
  Use: Potion            ||    17
       Scroll            ||     1
 Stab: Sleeping          ||     3
Armor: Robe              ||    22
Dodge: Dodged            ||    69

Table legend:
 A = Spawn XP
 B = Non-spawn XP
 C = Spawn XP percentage of total XP
 D = Spawn monster count
 E = Non-spawn monster count
 F = Spawn count percentage of total count
 G = Total turns spent on level
                    A         B        C        D         E        F      G
               +---------+---------+-------+---------+---------+-------+---------
         Total |       0 |      83 |   0.0 |       0 |      29 |   0.0 |  1458
               +---------+---------+-------+---------+---------+-------+---------
           D:1 |       0 |      71 |   0.0 |       0 |      23 |   0.0 |  1163
           D:2 |       0 |      12 |   0.0 |       0 |       6 |   0.0 |   293
               +---------+---------+-------+---------+---------+-------+---------
